 Dungeon Crawl Stone Soup version 0.29-a0-1061-gbc57f8fbdb (webtiles) character file.

Game seed: 7611915819217560968

18150 nckisdnvfkl the Unseen (level 12, -9/60 HPs)
             Began as a Spriggan Enchanter on Aug 18, 2022.
             Was a Priest of Dithmenos.
             Killed from afar by an ogre mage (33 damage)
             ... with a bolt of magma
             ... on level 13 of the Dungeon.
             The game lasted 00:36:01 (17060 turns).

nckisdnvfkl the Unseen (Spriggan Enchanter)        Turns: 17060, Time: 00:36:01

Health: -9/60      AC:  7    Str:  8    XL:     12   Next: 25%
Magic:  21/29      EV: 26    Int: 18    God:    Dithmenos [***...]
Gold:   2010       SH:  0    Dex: 15    Spells: 24/35 levels left

rFire   . . .      SeeInvis +   i - +1 dagger (drain)
rCold   . . .      Faith    .   (no shield)
rNeg    . . .      Spirit   .   b - +1 robe
rPois   .          Reflect  .   (helmet restricted)
rElec   .          Harm     .   (no cloak)
rCorr   .          Rampage  .   (gloves unavailable)
Will    ++...                   (boots unavailable)
Stlth   +++++++++.              l - amulet of regeneration
HPRegen 1.00/turn               g - +4 ring of evasion
MPRegen 0.21/turn               d - +4 ring of protection

@: marked, wreathed by umbra, very quick
A: very small, no large weapons, unfitting armour, see invisible, speed 3
a: Renounce Religion, Shadow Step


You were on level 13 of the Dungeon.
You worshipped Dithmenos.
Dithmenos was most pleased with you.
You visited 2 branches of the dungeon, and saw 14 of its levels.
You also visited: Gauntlet.

You collected 2122 gold pieces.
You spent 112 gold pieces at shops.

Inventory:

Hand Weapons
 a - a +1 dagger
 i - a +1 dagger of draining (weapon)
 o - a +1 dagger of venom
Missiles
 G - 4 datura-tipped darts (quivered)
Armour
 b - a +1 robe (worn)
Jewellery
 d - a +4 ring of protection (right hand)
 g - a +4 ring of evasion (left hand)
 j - an amulet of the acrobat
 l - an amulet of regeneration (around neck)
 u - a +6 ring of intelligence
 E - a ring of protection from fire
Wands
 k - a wand of paralysis (7)
 m - a wand of polymorph (5)
 r - a wand of roots (6)
 y - a wand of digging (7)
 A - a wand of mindburst (6)
 C - a wand of flame (24)
Scrolls
 s - a scroll of immolation
 t - 9 scrolls of teleportation
 w - a scroll of amnesia
 H - a scroll of blinking
 I - a scroll of magic mapping
Potions
 c - 2 potions of invisibility
 e - 3 potions of haste
 f - 8 potions of curing
 h - 5 potions of flight
 n - 4 potions of lignification
 p - 2 potions of heal wounds
 q - 2 potions of might
 v - a potion of brilliance
 x - a potion of berserk rage
 z - 9 potions of ambrosia
 B - a potion of magic
 F - a potion of degeneration {unknown}
Miscellaneous
 D - a tin of tremorstones (2/2)


   Skills:
 + Level 5.0 Fighting
 + Level 6.8 Short Blades
 + Level 8.7 Dodging
 + Level 15.2 Stealth
 + Level 12.3 Spellcasting
 + Level 12.8 Hexes


You had 24 spell levels left.
You knew the following spells:

 Your Spells              Type           Power      Damage    Failure   Level
a - Ensorcelled Hibernat  Hex/Ice        68%        N/A       1%          2
b - Tukima's Dance        Hex            55%        N/A       1%          3
c - Dazzling Flash        Conj/Hex       68%        N/A       1%          3
d - Confusing Touch       Hex            55%        N/A       1%          3

Your spell library contained the following spells:

 Spells                   Type           Power      Damage    Failure   Level
 Slow                     Hex            100%       N/A       1%          1
 Sublimation of Blood     Necr           11%        N/A       10%         2
 Wereblood                Tmut           11%        N/A       10%         2
 Frozen Ramparts          Ice            22%        1d4       19%         3
 Ozocubu's Armour         Ice            11%        N/A       19%         3
 Vampiric Draining        Necr           11%        2d6       19%         3
 Ice Form                 Ice/Tmut       11%        N/A       52%         4
 Summon Ice Beast         Ice/Summ       11%        N/A       52%         4
 Ozocubu's Refrigeration  Ice            5%         4d8       100%        7
 Summon Hydra             Summ           5%         N/A       100%        7


Dungeon Overview and Level Annotations

Branches:
Dungeon (13/15)            Temple (1/1) D:6            Lair (0/5) D:10
    Orc (0/2) D:10        Gauntlet (visited)
 Vaults: D:13-14

Altars:
Ashenzari
Cheibriados
Dithmenos
Fedhas
Gozag
Hepliaklqana
Kikubaaqudgha
Makhleb
Nemelex Xobeh
Okawaru
Qazlal
Sif Muna
Trog
Uskayaw
Vehumet
Xom
Yredelemnul
Zin

Shops:
D:12 ?

Portals:
Trove: D:11 (give 8 potions of haste)


Innate Abilities, Weirdness & Mutations

You are very small and have problems with some larger weapons.
You are too small for most types of armour.
You have supernaturally acute eyesight. (SInv)
You cover ground extremely quickly. (Speed+++)


Message History

An ogre mage is nearby!
Casting: Ensorcelled Hibernation (safe; 1% risk of failure)
Confirm with . or Enter, or press ? or * to list all spells.
Casting: Dazzling Flash (safe; 1% risk of failure)
Press: ? - help, Dir - look around, f - activate
Casting: Dazzling Flash (safe; 1% risk of failure)
Confirm with . or Enter, or press ? or * to list all spells.
Casting: Dazzling Flash (safe; 1% risk of failure)
Press: ? - help, Dir - look around, f - activate The ogre mage is dazzled.
The ogre mage hits you with a +0 club.
Unknown command.
Unknown command.
You hit the ogre mage.
The ogre mage is lightly wounded.
You catch the helpless ogre mage completely off-guard!
You impale the ogre mage!!
The ogre mage is severely wounded.
You hit the ogre mage but do no damage.
The ogre mage is severely wounded.
The ogre mage points at you and mumbles some strange words.
The bolt of magma hits you!!
You catch the helpless ogre mage completely off-guard!
You spit the ogre mage like a pig!!!
You kill the ogre mage!
Dithmenos accepts your kill.
The vault guard hits you with a +0 long sword!
Your Fighting skill increases to level 5!
Unknown command.
Casting: Dazzling Flash (safe; 1% risk of failure)
Confirm with . or Enter, or press ? or * to list all spells.
Casting: Dazzling Flash (safe; 1% risk of failure)
Press: ? - help, Dir - look around, f - activate The vault guard is dazzled.
The vault guard hits you with a +0 long sword.
Unknown command.
Unknown command.
The ogre mage casts a spell at you. The bolt of magma hits you!!
Ouch! That really hurt!
You die...

####≈≈≈~.# #.## #... #≈≈~~.# #..#
#... ####~~~..# ##.# ####
...'.....## ########.## #
.).'......######.........#### #
..O'....O.......p......)....# #
####~~~..#######Op..)....##.#####
#≈≈≈~.# #...>.....##....##
####≈≈≈~.# #@........#####..#
....≈≈≈~.# #.........# ##.'
...)≈≈≈~.# #.........# ###
...#≈≈~.## #.........# #
####≈~.## #.......>.# # #..##
#.........# # #### #######.#### #
##..........## # ##..####.##...##
#


You could see 2 vault guards and an ogre mage.

Vanquished Creatures
  A minotaur (Gauntlet)
  An ogre mage (D:13)
  2 centaur warriors (D:13)
  3 two-headed ogres
  2 tengu warriors (D:13)
  2 deep elf pyromancers (D:13)
  A manticore (D:12)
  An ugly thing (D:12)
  A spectral centaur (Gauntlet)
  A cyclops (D:12)
  Joseph (D:8)
  A smoke demon (Gauntlet)
  A gargoyle (D:12)
  An unseen horror (D:11)
  A troll (D:9)
  A queen bee (D:10)
  3 slime creatures (D:13)
  A shadow (D:10)
  4 vampires
  A human (D:13)
  A wraith (D:11)
  9 yaks (D:10)
  3 basilisks
  A steam dragon (D:9)
  Grum (D:8)
  2 vampire mosquitoes (D:13)
  An ice beast (D:6)
  An orc warrior (D:11)
  A black bear (D:7)
  A sky beast (D:8)
  9 centaurs
  2 wolves (D:8)
  4 phantoms
  A kobold brigand (D:10)
  A bullfrog (D:8)
  2 troll zombies (D:10)
  31 killer bees
  5 howler monkeys
  A crimson imp (Gauntlet)
  2 jellies (D:5)
  2 hounds (D:6)
  An orc priest (D:10)
  A gnoll bouda (D:7)
  3 iron imps (D:8)
  7 orc wizards
  Ijyb (D:3)
  5 iguanas
  Natasha (thrice) (D:3)
  4 ogre zombies (D:10)
  Robin (D:2)
  4 adders
  5 gnolls
  A shadow imp (D:6)
  5 white imps
  2 worms
  3 dart slugs
  25 orcs
  8 ball pythons
  5 bats
  5 endoplasms
  6 giant cockroaches
  15 goblins
  8 hobgoblins
  3 jackals (D:2)
  8 quokkas
  4 frilled lizards
  A goblin skeleton (D:10)
  2 goblin zombies (D:10)
  2 hobgoblin skeletons (D:10)
  2 hobgoblin zombies (D:10)
  7 kobolds
  An orc skeleton (D:10)
  10 orc zombies (D:10)
  4 rats
273 creatures vanquished.

Vanquished Creatures (collateral kills)
  A red devil (Gauntlet)
  3 orc warriors
  A gnoll sergeant (D:9)
  3 wights (D:6)
  A crimson imp (Gauntlet)
  Jessica (D:3)
  5 gnolls
  2 orcs (D:6)
17 creatures vanquished.

Vanquished Creatures (others)
  5 dancing weapons
  A kobold (D:1)
6 creatures vanquished.

Grand Total: 296 creatures vanquished

Notes
Turn   | Place    | Note
-------+----------+-------------------------------------------
     0 | D:1      | nckisdnvfkl the Spriggan Enchanter began the quest for the
                  | Orb.
     0 | D:1      | Reached XP level 1. HP: 9/9 MP: 5/5
   291 | D:1      | Reached XP level 2. HP: 9/13 MP: 7/7
   362 | D:1      | Learned a level 2 spell: Ensorcelled Hibernation
   609 | D:1      | Found a faded altar of an unknown god.
  1381 | D:2      | Reached XP level 3. HP: 14/16 MP: 9/9
  1398 | D:2      | Noticed Robin
  1558 | D:2      | Killed Robin
  1991 | D:2      | Learned a level 3 spell: Tukima's Dance
  1995 | D:2      | Learned a level 3 spell: Confusing Touch
  2045 | D:2      | Reached skill level 5 in Hexes
  2045 | D:2      | Reached XP level 4. HP: 21/21 MP: 1/11
  2681 | D:3      | Noticed Natasha
  3210 | D:3      | Killed Natasha
  3329 | D:3      | Reached skill level 5 in Spellcasting
  3329 | D:3      | Reached XP level 5. HP: 14/24 MP: 4/13
  3468 | D:3      | Noticed Ijyb
  3488 | D:3      | Killed Ijyb
  3535 | D:3      | Noticed Jessica
  3553 | D:3      | Killed Jessica
  3719 | D:3      | Noticed Natasha
  3725 | D:3      | Killed Natasha
  3726 | D:3      | Reached skill level 5 in Stealth
  3801 | D:3      | Learned a level 3 spell: Dazzling Flash
  3887 | D:3      | Noticed Natasha
  3895 | D:3      | Killed Natasha
  4011 | D:4      | Noticed a phantom
  4015 | D:4      | Reached XP level 6. HP: 22/28 MP: 8/15
  4326 | D:4      | Identified the +5 spear of Causality {antimagic, rC+ SInv}
  4595 | D:4      | Found a shimmering blue altar of Sif Muna.
  4963 | D:5      | Entered Level 5 of the Dungeon
  4988 | D:5      | Reached skill level 6 in Stealth
  5262 | D:5      | Found an ancient bone altar of Kikubaaqudgha.
  5591 | D:5      | Reached XP level 7. HP: 32/32 MP: 17/17
  5821 | D:5      | Identified a scroll of acquirement
  5821 | D:5      | Acquired 1171 gold pieces
  5992 | D:6      | Reached skill level 7 in Stealth
  6307 | D:6      | Found a staircase to the Ecumenical Temple.
  6321 | Temple   | Entered the Ecumenical Temple
  6433 | Temple   | Became a worshipper of Dithmenos the Shadowed
  6468 | D:6      | Reached skill level 8 in Stealth
  6766 | D:6      | Reached XP level 8. HP: 36/36 MP: 20/20
  6978 | D:6      | Found an opulent altar of Gozag.
  8005 | D:7      | Reached skill level 9 in Stealth
  8254 | D:8      | Noticed Joseph
  8359 | D:8      | Killed Joseph
  8360 | D:8      | Reached skill level 10 in Stealth
  8582 | D:8      | Found a burning altar of Makhleb.
  8892 | D:8      | Found a hazy altar of Hepliaklqana.
  8897 | D:8      | Found a basalt altar of Yredelemnul.
  8961 | D:8      | Noticed Grum
  8964 | D:8      | Reached XP level 9. HP: 39/39 MP: 21/23
  8965 | D:8      | Killed Grum
  8974 | D:8      | Reached * piety under Dithmenos
  9197 | D:9      | Reached skill level 11 in Stealth
  9245 | D:9      | Noticed a two-headed ogre
  9260 | D:9      | HP: 1/39 [orc wizard/magic dart (5)]
  9748 | D:9      | Reached skill level 10 in Hexes
  9820 | D:9      | Noticed a troll
  9870 | D:9      | Killed a troll
  9871 | D:9      | Reached skill level 12 in Stealth
  9871 | D:9      | Reached skill level 10 in Spellcasting
 10231 | D:9      | Killed a two-headed ogre
 10232 | D:9      | Reached skill level 1 in Fighting
 10318 | D:9      | Found a blossoming altar of Fedhas.
 10402 | D:9      | Reached XP level 10. HP: 45/45 MP: 25/25
 10828 | D:10     | Entered Level 10 of the Dungeon
 10828 | D:10     | Found a staircase to the Lair.
 10836 | D:10     | Reached ** piety under Dithmenos
 11229 | D:10     | Reached skill level 13 in Stealth
 11256 | D:10     | Reached skill level 5 in Dodging
 11766 | D:10     | Reached *** piety under Dithmenos
 11827 | D:10     | Found a staircase to the Orcish Mines.
 13052 | D:11     | Found a gate leading to a gauntlet.
 13056 | D:11     | Reached XP level 11. HP: 52/52 MP: 27/27
 13061 | Gauntlet | Entered a Gauntlet
 13061 | Gauntlet | Found a transporter.
 13061 | Gauntlet | Found a transporter.
 13061 | Gauntlet | Found a transporter.
 13082 | Gauntlet | Found a transporter.
 13092 | Gauntlet | Found a transporter.
 13095 | Gauntlet | Found a transporter.
 13107 | Gauntlet | Found a transporter.
 13108 | Gauntlet | Noticed a death scarab
 13109 | Gauntlet | Noticed a death scarab
 13124 | Gauntlet | Found a transporter.
 13124 | Gauntlet | Noticed a death drake
 13138 | Gauntlet | Found a transporter.
 13141 | Gauntlet | Found a transporter.
 13149 | Gauntlet | Found a transporter.
 13152 | Gauntlet | Found a transporter.
 13153 | Gauntlet | Found a runed translucent door.
 13316 | Gauntlet | HP: 2/52 [red devil/+0 trident (16)]
 13627 | Gauntlet | Identified the ring "Qewec" {Drain rPois SInv Stlth+}
 13972 | Gauntlet | Noticed a minotaur
 13984 | Gauntlet | Killed a minotaur
 14243 | D:11     | Reached skill level 5 in Short Blades
 14515 | D:11     | Found a portal to a secret trove of treasure.
 14636 | D:11     | Reached skill level 14 in Stealth
 14982 | D:12     | Noticed a purple ugly thing
 14999 | D:12     | Killed a purple ugly thing
 15022 | D:12     | Noticed a two-headed ogre
 15027 | D:12     | Killed a two-headed ogre
 15217 | D:12     | Identified the +10 broad axe of Ahioqes {flame, rC- rN+
                  | Str+3 Stlth+}
 15304 | D:12     | Reached **** piety under Dithmenos
 15523 | D:12     | Found Cegumos's Magic Scroll Shop.
 15532 | D:12     | Bought a scroll of blinking for 112 gold pieces
 15859 | D:13     | Noticed a deep elf pyromancer
 15869 | D:13     | Killed a deep elf pyromancer
 15873 | D:13     | Noticed a tengu warrior
 15932 | D:13     | Noticed a deep elf pyromancer
 15935 | D:13     | Killed a deep elf pyromancer
 15974 | D:13     | Noticed a tengu warrior
 16001 | D:13     | Killed a tengu warrior
 16004 | D:13     | Killed a tengu warrior
 16222 | D:13     | Noticed a centaur warrior
 16229 | D:13     | Killed a centaur warrior
 16336 | D:13     | Noticed a two-headed ogre
 16343 | D:13     | Killed a two-headed ogre
 16344 | D:13     | Reached XP level 12. HP: 58/58 MP: 29/29
 16356 | D:13     | Reached skill level 15 in Stealth
 16607 | D:13     | Noticed a vault guard
 16607 | D:13     | Noticed a vault guard
 16736 | D:13     | Found a snail-covered altar of Cheibriados.
 16834 | D:13     | Noticed a centaur warrior
 16843 | D:13     | Killed a centaur warrior
 16914 | D:13     | Noticed a vault guard
 16915 | D:13     | Noticed an ogre mage
 16916 | D:13     | Noticed an ogre mage
 17058 | D:13     | Killed an ogre mage
 17059 | D:13     | Reached skill level 5 in Fighting
 17060 | D:13     | Killed from afar by an ogre mage

Illustrated notes

Levels and vault maps discovered:
D:1:      matt_arrival_diagonals, layout_loops_ring,
          hellmonk_ecumenical_altar_heavens_door, minmay_tromino_v4_b
D:2:      layout_loops_ring, uniq_robin
D:3:      layout_basic, uniq_jessica, uniq_natasha, uniq_ijyb
D:4:      layout_rooms, nicolae_sif_muna_little_library, minmay_misc_feat_chi,
          kennysheep_donut
D:5:      minmay_inner_zag, layout_basic, kiku_gazebo_pond_becter,
          minmay_misc_feat_pillars
D:6:      layout_gridville, lemuel_doored_altar, minmay_temple_entry_waves
D:7:      layout_loops_cross
D:8:      layout_rooms, demons_altar, minitemple, uniq_grum, uniq_joseph
D:9:      layout_long_grid, fedhas_altar_fruit_tree
D:10:     layout_basic, lair_entry_dummy, zombieorc1_lemuel, minivault_7
D:11:     layout_basic, trove_entry_hex_spiral, gauntlet_entry_generic
D:12:     layout_irregular_city, serial_shops, nicolae_shop_trees
D:13:     layout_roguey, grunt_vaults_entry_fortified, chei_slow_surprise
Temple:   bh_familiar_temple

Skill      XL: |  1  2  3  4  5  6  7  8  9 10 11 12 |
---------------+-------------------------------------+-----
Spellcasting   | 3 4 5 6 7 9 10 11 12 | 12.3
Hexes          | 4 5 6 7 9 10 11 12 | 12.8
Stealth        | 5 6 8 10 12 13 14 15 | 15.2
Fighting       | 1 3 4 5 |  5.0
Short Blades   | 2 4 6 |  6.8
Dodging        | 3 6 8 |  8.7

Action                   |  1- 3 |  4- 6 |  7- 9 | 10-12 || total
-------------------------+-------+-------+-------+-------++-------
Melee: Dagger            |   132 |   253 |   223 |   524 ||  1132
       Punch             |     1 |     5 |     3 |     6 ||    15
       Unarmed           |       |     2 |       |       ||     2
 Cast: Ensorcelled Hiber |    14 |    32 |    38 |    67 ||   151
       Confusing Touch   |       |     5 |    10 |    20 ||    35
       Tukima's Dance    |       |     4 |    22 |    20 ||    46
       Dazzling Flash    |       |       |       |     5 ||     5
Invok: Shadow Step       |       |       |       |     1 ||     1
Evoke: Wand              |       |       |     1 |     1 ||     2
  Use: Scroll            |     7 |     4 |     8 |     5 ||    24
       Potion            |       |       |     1 |    12 ||    13
 Stab: Sleeping          |    11 |    21 |    39 |    67 ||   138
       Distracted        |     1 |     1 |     1 |     1 ||     4
       Confused          |       |     3 |     8 |    18 ||    29
       Invisible         |       |       |       |     4 ||     4
Armor: Robe              |     5 |    39 |    30 |    62 ||   136
Dodge: Dodged            |    98 |   226 |   222 |   448 ||   994

Table legend: (Time is in decaauts)
 A = Elapsed time spent in this place.
 B = Non-inter-level travel time spent in this place.
 C = Inter-level travel time spent in this place.
 D = Time resting spent in this place.
 E = Time spent auto-exploring this place.
 F = Levels seen in this place.
 G = Mean time per level.
                   A        B        C        D        E       F      G
               +--------+--------+--------+--------+--------+-----+--------+
         Total |  13502 |  13168 |    334 |   2356 |   8294 |  15 |  900.1 |
       Dungeon |  12392 |  12083 |    309 |   1793 |   7968 |  13 |  953.2 |
        Temple |     85 |     61 |     24 |      0 |     58 |   1 |   85.0 |
      Gauntlet |   1024 |   1024 |      0 |    563 |    267 |   1 | 1024.0 |
               +--------+--------+--------+--------+--------+-----+--------+

Top non-repeatable levels by time:
    D:10: 1627 daAuts
     D:1: 1248 daAuts
     D:8: 1222 daAuts
     D:2: 1160 daAuts
     D:6: 1050 daAuts
Gauntlet: 1024 daAuts
     D:3: 978 daAuts
     D:9: 977 daAuts
    D:13: 902 daAuts
     D:7: 714 daAuts
     D:4: 652 daAuts
    D:11: 646 daAuts
     D:5: 634 daAuts
    D:12: 576 daAuts
  Temple: 85 daAuts
